 Dungeon Crawl Stone Soup version 0.30-a0-568-g124715a40b (webtiles) character file.

Game seed: 78519103402925726

46 billz999 the Magician (level 3, 0/25 HPs)
             Began as a Djinni Ice Elementalist on Dec 29, 2022.
             Splashed by a jelly's acid (6 damage)
             ... on level 3 of the Dungeon.
             The game lasted 00:02:50 (1126 turns).

billz999 the Magician (Djinni Ice Elementalist)     Turns: 1126, Time: 00:02:51

Health: 0/25       AC:  2    Str:  7    XL:     3   Next: 92%
Gold:   56         EV: 12    Int: 18    God:
                   SH:  0    Dex: 13

rFire   + + .      SeeInvis .    (no weapon)
rCold   . . .      Faith    .    (no shield)
rNeg    . . .      Spirit   .    a - +0 robe
rPois   ∞          Reflect  .    (no helmet)
rElec   .          Harm     .    (no cloak)
rCorr   .          Rampage  .    (no gloves)
Will    +....                    (boots unavailable)
Stlth   ++                       (no amulet)
HPRegen 0.24/turn                c - ring of protection from cold
MPRegen 0.00/turn                g - ring of willpower

@: freezing walls, flying
A: sickness immunity, fire resistance 2, cold vulnerability 1, float, innate
caster, HP casting, extra vitality 1
a: no special abilities


You were on level 3 of the Dungeon.
You visited 1 branch of the dungeon, and saw 3 of its levels.

You collected 56 gold pieces.

Inventory:

Armour
 a - a +0 robe (worn)
Jewellery
 c - a ring of protection from cold (left hand)
 g - a ring of willpower (right hand)
Scrolls
 d - 2 scrolls of identify
 f - a scroll of poison {unknown}
 i - a scroll of vulnerability {unknown}
Potions
 b - a potion of magic
 e - 2 potions of curing {unknown}
 h - 2 potions of heal wounds {unknown}
 j - a potion of degeneration {unknown}


   Skills:
 - Level 2.5 Dodging
 - Level 1.9 Stealth
 + Level 4.0 Spellcasting


You couldn't memorise any spells.
You knew the following spells:

 Your Spells              Type           Power      Damage    Failure   Level
a - Freeze                Ice            72%        1d8       2%          1
b - Frozen Ramparts       Ice            36%        1d6       9%          3
c - Ozocubu's Armour      Ice            18%        N/A       9%          3
d - Summon Ice Beast      Ice/Summ       18%        N/A       28%         4
e - Magic Dart            Conj           72%        1d6       2%          1
Your spell library was empty.

Dungeon Overview and Level Annotations

Branches:
Dungeon (3/15)

Altars:
Ru

Shops:
D:1 =


Innate Abilities, Weirdness & Mutations

You are immune to sickness and miasma.
You are immune to poison.
Your flesh is very heat resistant. (rF++)
You are vulnerable to cold. (rC-)
You float through the air rather than walking.
You learn spells naturally, not from books.
Your magical power is your life essence.
You have superior vitality. (+4 MHP)


Message History

Casting: Magic Dart (safe; 2% risk of failure)
Confirm with . or Enter, or press ? or * to list all spells.
Aiming: Magic Dart (safe; 2% risk of failure)
Press: ? - help, Shift-Dir - straight line, f/p - orc
Aim: an orc, wielding a +0 hand axe and wearing a +0 scale mail (100% to hit)
The magic dart hits the orc but does no damage.
The hobgoblin shouts!
* * * LOW HITPOINT WARNING * * *
Casting: Magic Dart (safe; 2% risk of failure)
Confirm with . or Enter, or press ? or * to list all spells.
Aiming: Magic Dart (safe; 2% risk of failure)
Press: ? - help, Shift-Dir - straight line, f/p - orc
Aim: an orc, wielding a +0 hand axe and wearing a +0 scale mail (100% to hit)
The magic dart hits the orc but does no damage.
* * * LOW HITPOINT WARNING * * *
An orc comes into view. It is wielding a +0 whip.
There is a stone staircase leading down here.
Your magical contamination has completely faded away.
A jelly comes into view.
You see here an adder corpse.
There are monsters nearby!
Casting: Magic Dart (safe; 2% risk of failure)
Confirm with . or Enter, or press ? or * to list all spells.
The spell is quite dangerous to miscast (9% risk of failure)!
Continue anyway?
Casting: Frozen Ramparts (quite dangerous; 9% risk of failure)
Press: ? - help, Dir - look around, f - activate The walls around you are covered in ice.
The wall freezes the jelly.
Casting: Frozen Ramparts (quite dangerous; 9% risk of failure)
Confirm with . or Enter, or press ? or * to list all spells.
Aiming: Freeze (safe; 2% risk of failure)
Press: ? - help, Shift-Dir - straight line, f - jelly
Aim: a jelly (moderately wounded)
You freeze the jelly.
The jelly is moderately wounded.
* * * LOW HITPOINT WARNING * * *
The wall freezes the jelly.
The jelly hits you.
* * * LOW HITPOINT WARNING * * *
You are splashed with acid.
You die...

#######.#####+###
#o......# #..........#
#>......# #..........#
#.......#
#..........####o......#
#............†.)......+
#...........###.......#
#..≈≈.≈≈...o..........#
##...≈.≈...#J###........
##..≈.....≈.#@#
######+#.
#...≈≈...≈≈.#.#
...+...._...§..#
####.≈≈...§§.#..
.....§....§≈....
..##....≈.≈.....## ####
#...≈§.§≈.....# #..#
#.#.......###.# #..#
#.#...........# #..#


You could see a jelly and an orc.

Vanquished Creatures
  An adder (D:3)
  2 worms
  2 orcs (D:3)
  3 bats (D:1)
  2 endoplasms (D:1)
  2 giant cockroaches (D:1)
  4 goblins
  2 hobgoblins
  2 quokkas
  A ball python (D:1)
  A frilled lizard (D:3)
  2 kobolds (D:3)
  3 rats (D:1)
27 creatures vanquished.

Notes
Turn   | Place    | Note
-------+----------+-------------------------------------------
     0 | D:1      | billz999 the Djinni Ice Elementalist began the quest for
                  | the Orb.
     0 | D:1      | billz999 set off with the following spells memorised:
                  | Freeze, Frozen Ramparts, Ozocubu's Armour, Summon Ice
                  | Beast.
     0 | D:1      | Reached XP level 1. HP: 15/15 MP: 0/0
   228 | D:1      | Reached XP level 2. HP: 21/21 MP: 0/0
   500 | D:1      | Found Ewkan's Jewellery Emporium.
   742 | D:2      | Reached XP level 3. HP: 25/25 MP: 0/0
   742 | D:2      | Learned a level 1 spell: Magic Dart
   815 | D:2      | Noticed a necrophage
   976 | D:3      | Found a sacrificial altar of Ru.
  1038 | D:3      | Noticed a necrophage
  1106 | D:3      | Reached skill level 4 in Spellcasting
  1126 | D:3      | Splashed by a jelly's acid

Illustrated notes

Levels and vault maps discovered:
D:1:      scummos_arrival_star, layout_basic, serial_shops, nicolae_shop_trees
D:2:      layout_basic
D:3:      layout_basic, mainiacjoe_overflow_small_starburst,
          basic_ecumenical_altar, st_stairs_6, uniq_crazy_yiuf_cottage,
          uniq_ijyb

Skill      XL: |  1  2  3 |
---------------+----------+-----
Spellcasting   | 4 |  4.0
Dodging        | |  2.5
Stealth        | |  1.9

Action                   || total
-------------------------++-------
 Cast: Freeze            ||    44
       Magic Dart        ||     5
       Frozen Ramparts   ||     4
  Use: Scroll            ||     1
Armor: Robe              ||     5
Dodge: Dodged            ||    13

Table legend: (Time is in decaauts)
 A = Elapsed time spent in this place.
 B = Non-inter-level travel time spent in this place.
 C = Inter-level travel time spent in this place.
 D = Time resting spent in this place.
 E = Time spent auto-exploring this place.
 F = Levels seen in this place.
 G = Mean time per level.
                   A        B        C        D        E       F      G
               +--------+--------+--------+--------+--------+-----+--------+
         Total |   1124 |   1063 |     61 |      2 |    828 |   3 |  374.7 |
       Dungeon |   1124 |   1063 |     61 |      2 |    828 |   3 |  374.7 |
               +--------+--------+--------+--------+--------+-----+--------+

Top non-repeatable levels by time:
     D:1: 704 daAuts
     D:3: 287 daAuts
     D:2: 132 daAuts
